[ AOE2 MATCH · #505239991 ]
UnrankedWu vs Britons
Player's team · LOSS
[ REPLAY ANALYSIS · EXTRACTED FROM THE RECORDED GAME ]
Feudal
11:23
Castle
21:50
Imperial
45:56
| APM avg | 63.0 |
| APM peak | 109 |
| eAPM avg | 35.3 |
| Villagers / military | 197 / 58 |
Focus
⚔️ 47.7% · 🌾 52.3%
Unknown (1974) ×78 · Skirmisher ×42 · Unknown (1968) ×10 · Unknown (1942) ×9 · Mangonel ×8 · Militia ×5
Feudal
8:51
Castle
24:41
Imperial
44:44
| APM avg | 58.9 |
| APM peak | 89 |
| eAPM avg | 26.8 |
| Villagers / military | 166 / 180 |
Focus
⚔️ 48.2% · 🌾 51.8%
Archer ×112 · Militia ×36 · Trebuchet (Packed) ×15 · Longbowman ×8 · Mangonel ×5 · Battering Ram ×3
Match map
Initial resources + every placement click. Lines = walls · curves = elevation contours. ◆ gold · ⬟ stone · ● berries · ✦ relic · ◌ wall gap
Your base· ✓ Closed at 21:50 · 70t walls · no gate
GdR | ChiattoneDevastante's base· Open — opponent sealed themselves in
Smoothed initial terrain · ◌ = detected wall gap · hover for details
Inputs per minute
— The nicest husband - - GdR | ChiattoneDevastante
Build order — The nicest husband
First 150 of 500 actions detected
| 0:00 | Queue | Villager (Male) ×4 |
| 0:02 | Build | House |
| 0:02 | Build | House |
| 1:27 | Queue | Villager (Male) |
| 1:48 | Build | Mining Camp |
| 1:51 | Build | Lumber Camp |
| 1:53 | Queue | Villager (Male) |
| 2:30 | Queue | Villager (Male) |
| 2:58 | Queue | Villager (Male) |
| 3:06 | Queue | Villager (Male) |
| 3:42 | Queue | Villager (Male) |
| 3:55 | Build | House |
| 4:05 | Queue | Villager (Male) |
| 4:26 | Queue | Villager (Male) |
| 4:52 | Queue | Villager (Male) |
| 4:53 | Queue | Villager (Male) |
| 4:56 | Build | Barracks |
| 5:13 | Queue | Villager (Male) |
| 5:52 | Build | House |
| 5:59 | Build | House |
| 6:07 | Queue | Villager (Male) |
| 6:10 | Research | Loom |
| 6:13 | Build | Palisade Wall |
| 6:15 | Queue | Militia |
| 6:16 | Queue | Militia |
| 6:26 | Build | Palisade Wall |
| 6:27 | Build | Palisade Wall |
| 6:36 | Queue | Villager (Male) |
| 6:39 | Queue | Militia |
| 6:49 | Queue | Villager (Male) |
| 7:04 | Queue | Villager (Male) |
| 7:17 | Queue | Militia |
| 7:18 | Queue | Villager (Male) |
| 7:25 | Build | Mill |
| 7:45 | Build | House |
| 8:08 | Build | Palisade Wall |
| 8:18 | Queue | Villager (Male) |
| 8:24 | Build | Mining Camp |
| 8:31 | Research | Loom |
| 8:55 | Build | Palisade Wall |
| 8:58 | Build | Palisade Wall |
| 9:04 | Research | Feudal Age |
| 9:26 | Build | Palisade Wall |
| 9:34 | Build | Palisade Wall |
| 9:36 | Build | Palisade Wall |
| 9:39 | Build | Palisade Wall |
| 10:02 | Build | Palisade Wall |
| 10:13 | Build | Palisade Wall |
| 10:49 | Build | House |
| 10:50 | Queue | Villager (Male) |
| 11:02 | Build | Palisade Wall |
| 11:03 | Build | Palisade Wall |
| 11:09 | Queue | Villager (Male) |
| 11:23 | Age | Feudal Age |
| 11:31 | Build | Archery Range |
| 11:48 | Queue | Villager (Male) |
| 11:53 | Build | House |
| 11:57 | Queue | Villager (Male) |
| 12:05 | Research | Double-Bit Axe |
| 12:06 | Queue | Skirmisher |
| 12:06 | Queue | Skirmisher |
| 12:07 | Queue | Villager (Male) |
| 12:11 | Research | Horse Collar |
| 12:17 | Queue | Villager (Male) |
| 12:22 | Build | Palisade Wall |
| 12:28 | Build | Palisade Wall |
| 12:30 | Build | Palisade Wall |
| 12:32 | Build | Palisade Wall |
| 12:39 | Build | House |
| 12:40 | Queue | Villager (Male) |
| 12:41 | Queue | Skirmisher |
| 12:44 | Queue | Villager (Male) |
| 12:45 | Build | Farm |
| 12:47 | Build | Farm |
| 13:12 | Queue | Villager (Male) |
| 13:16 | Build | Lumber Camp |
| 13:19 | Build | Farm |
| 13:23 | Queue | Skirmisher |
| 13:40 | Build | House |
| 13:45 | Build | Palisade Wall |
| 13:46 | Build | Palisade Wall |
| 14:05 | Queue | Villager (Male) |
| 14:10 | Build | Farm |
| 14:11 | Build | Farm |
| 14:23 | Queue | Skirmisher |
| 14:39 | Queue | Skirmisher |
| 14:40 | Queue | Skirmisher |
| 14:41 | Queue | Archer |
| 14:58 | Build | House |
| 14:58 | Build | Palisade Wall |
| 15:08 | Queue | Skirmisher |
| 15:16 | Queue | Villager (Male) |
| 15:19 | Build | Farm |
| 15:19 | Build | Farm |
| 15:32 | Build | Palisade Wall |
| 15:37 | Build | Palisade Wall |
| 15:47 | Build | Farm |
| 15:48 | Queue | Villager (Male) |
| 15:50 | Build | Farm |
| 15:57 | Build | Farm |
| 16:00 | Build | Market |
| 16:11 | Queue | Villager (Male) |
| 16:13 | Build | Market |
| 16:22 | Build | Farm |
| 16:25 | Build | Farm |
| 16:25 | Build | Farm |
| 16:33 | Build | Palisade Wall |
| 16:47 | Queue | Villager (Male) |
| 16:56 | Build | Farm |
| 17:09 | Queue | Villager (Male) |
| 17:18 | Queue | Villager (Male) |
| 17:25 | Build | Farm |
| 17:27 | Build | Farm |
| 17:30 | Queue | Villager (Male) |
| 17:31 | Queue | Skirmisher |
| 17:36 | Build | House |
| 17:42 | Queue | Villager (Male) |
| 17:48 | Queue | Villager (Male) |
| 17:59 | Queue | Skirmisher |
| 18:41 | Queue | Villager (Male) |
| 18:56 | Build | House |
| 19:10 | Research | Castle Age |
| 19:15 | Queue | Villager (Male) |
| 19:57 | Build | Lumber Camp |
| 20:20 | Build | House |
| 21:32 | Build | Barracks |
| 21:49 | Build | House |
| 21:50 | Age | Castle Age |
| 21:53 | Queue | Unit 1974 |
| 21:53 | Queue | Unit 1974 |
| 21:54 | Queue | Villager (Male) |
| 22:06 | Queue | Unit 1974 |
| 22:07 | Queue | Unit 1974 |
| 22:08 | Queue | Villager (Male) |
| 22:08 | Queue | Villager (Male) |
| 22:20 | Queue | Villager (Male) |
| 22:35 | Queue | Villager (Male) |
| 22:39 | Queue | Villager (Male) |
| 22:42 | Build | House |
| 22:55 | Research | Squires |
| 23:00 | Build | House |
| 23:01 | Queue | Villager (Male) |
| 23:04 | Queue | Unit 1974 |
| 23:04 | Queue | Unit 1974 |
| 23:12 | Queue | Villager (Male) |
| 23:18 | Build | Blacksmith |
| 23:19 | Queue | Villager (Male) |
| 23:22 | Queue | Villager (Male) |
| 23:34 | Queue | Unit 1974 |
| 23:34 | Queue | Unit 1974 |
Build order — GdR | ChiattoneDevastante
First 150 of 548 actions detected
| 0:01 | Queue | Villager (Male) |
| 0:02 | Queue | Villager (Male) |
| 0:02 | Queue | Villager (Male) |
| 0:02 | Queue | Villager (Male) |
| 0:04 | Build | House |
| 0:05 | Build | House |
| 1:22 | Queue | Villager (Male) |
| 1:42 | Build | Lumber Camp |
| 1:43 | Queue | Villager (Male) |
| 2:12 | Queue | Villager (Male) |
| 2:32 | Queue | Villager (Male) |
| 2:55 | Queue | Villager (Male) |
| 3:21 | Queue | Villager (Male) |
| 3:47 | Queue | Villager (Male) |
| 3:50 | Queue | Villager (Male) |
| 3:52 | Build | House |
| 4:39 | Build | Barracks |
| 4:43 | Queue | Villager (Male) |
| 5:15 | Queue | Villager (Male) |
| 5:17 | Queue | Villager (Male) |
| 5:17 | Research | Loom |
| 5:22 | Build | House |
| 6:34 | Research | Feudal Age |
| 6:47 | Queue | Militia |
| 6:47 | Queue | Militia |
| 7:04 | Queue | Militia |
| 7:21 | Queue | Militia |
| 7:56 | Build | House |
| 7:58 | Build | Palisade Wall |
| 8:01 | Build | Palisade Wall |
| 8:08 | Build | Palisade Wall |
| 8:08 | Build | Palisade Wall |
| 8:09 | Build | Palisade Wall |
| 8:10 | Build | Palisade Wall |
| 8:11 | Build | Palisade Wall |
| 8:21 | Queue | Villager (Male) |
| 8:36 | Build | Palisade Wall |
| 8:38 | Build | House |
| 8:41 | Build | House |
| 8:51 | Age | Feudal Age |
| 8:53 | Research | Man-at-Arms (upgrade) |
| 9:01 | Build | Archery Range |
| 9:18 | Queue | Villager (Male) |
| 9:27 | Build | Palisade Wall |
| 9:28 | Build | Palisade Wall |
| 9:28 | Build | Palisade Wall |
| 9:29 | Build | Palisade Wall |
| 9:30 | Build | Palisade Wall |
| 9:30 | Build | Palisade Wall |
| 9:33 | Build | Palisade Wall |
| 9:33 | Build | Palisade Wall |
| 9:34 | Build | Palisade Wall |
| 9:39 | Build | Mining Camp |
| 9:40 | Queue | Villager (Male) |
| 10:35 | Queue | Villager (Male) |
| 10:38 | Build | Mill |
| 10:45 | Queue | Villager (Male) |
| 10:51 | Queue | Archer |
| 11:00 | Queue | Villager (Male) |
| 11:04 | Build | Palisade Wall |
| 11:05 | Queue | Villager (Male) |
| 11:18 | Queue | Archer |
| 11:52 | Queue | Villager (Male) |
| 11:52 | Queue | Villager (Male) |
| 11:56 | Build | Blacksmith |
| 11:56 | Queue | Archer |
| 12:28 | Queue | Archer |
| 12:42 | Build | House |
| 13:00 | Queue | Archer |
| 13:01 | Queue | Villager (Male) |
| 13:17 | Build | House |
| 13:23 | Research | Fletching |
| 13:35 | Build | House |
| 13:35 | Queue | Villager (Male) |
| 13:36 | Queue | Villager (Male) |
| 13:53 | Queue | Archer |
| 14:04 | Build | Farm |
| 14:05 | Queue | Villager (Male) |
| 14:14 | Queue | Archer |
| 14:22 | Queue | Archer |
| 14:32 | Queue | Archer |
| 14:37 | Build | Farm |
| 14:37 | Queue | Villager (Male) |
| 14:39 | Build | House |
| 14:39 | Build | House |
| 14:51 | Queue | Archer |
| 15:19 | Queue | Villager (Male) |
| 15:20 | Build | Farm |
| 15:22 | Build | Farm |
| 15:23 | Queue | Villager (Male) |
| 15:25 | Build | House |
| 15:48 | Queue | Archer |
| 15:49 | Queue | Villager (Male) |
| 15:51 | Build | Farm |
| 15:56 | Build | Farm |
| 16:16 | Build | Palisade Wall |
| 16:20 | Build | Palisade Wall |
| 16:21 | Build | Palisade Wall |
| 16:24 | Build | Farm |
| 16:26 | Queue | Villager (Male) |
| 16:54 | Queue | Villager (Male) |
| 16:58 | Build | Farm |
| 16:59 | Build | Farm |
| 17:20 | Queue | Villager (Male) |
| 17:28 | Research | Double-Bit Axe |
| 17:34 | Research | Padded Archer Armor |
| 17:52 | Queue | Archer |
| 17:59 | Queue | Villager (Male) |
| 18:20 | Queue | Villager (Male) |
| 18:25 | Queue | Villager (Male) |
| 18:28 | Build | Lumber Camp |
| 18:30 | Build | Palisade Wall |
| 18:41 | Queue | Archer |
| 18:51 | Build | Farm |
| 18:52 | Build | Farm |
| 18:59 | Queue | Archer |
| 19:10 | Queue | Archer |
| 19:15 | Build | Farm |
| 19:16 | Queue | Villager (Male) |
| 19:33 | Queue | Archer |
| 19:43 | Queue | Archer |
| 19:50 | Queue | Villager (Male) |
| 20:02 | Queue | Archer |
| 20:08 | Queue | Villager (Male) |
| 20:11 | Research | Stone Mining |
| 20:14 | Build | Archery Range |
| 20:33 | Build | Farm |
| 20:34 | Build | Farm |
| 20:35 | Build | Farm |
| 20:51 | Queue | Villager (Male) |
| 21:19 | Build | Market |
| 21:38 | Queue | Archer |
| 22:01 | Research | Castle Age |
| 22:02 | Queue | Archer |
| 22:04 | Queue | Archer |
| 22:05 | Queue | Archer |
| 22:17 | Queue | Archer |
| 22:25 | Build | Farm |
| 22:26 | Build | Farm |
| 22:27 | Build | Farm |
| 22:27 | Research | Horse Collar |
| 22:35 | Queue | Archer |
| 22:53 | Queue | Archer |
| 23:12 | Queue | Militia |
| 23:12 | Queue | Militia |
| 23:14 | Build | House |
| 23:16 | Build | House |
| 23:18 | Build | House |
| 23:20 | Research | Scale Mail Armor |
| 23:25 | Queue | Archer |
Match timeline
| 4:39 | GdR | ChiattoneDevastante · first_building Barracks |
| 4:56 | The nicest husband · first_building Barracks |
| 6:13 | The nicest husband · wall_segment Palisade Wall x5 |
| 6:26 | The nicest husband · wall_segment Palisade Wall x1 |
| 6:27 | The nicest husband · wall_segment Palisade Wall x5 |
| 7:58 | GdR | ChiattoneDevastante · wall_segment Palisade Wall x5 |
| 8:01 | GdR | ChiattoneDevastante · wall_segment Palisade Wall x6 |
| 8:08 | GdR | ChiattoneDevastante · wall_segment Palisade Wall x1 |
| 8:08 | The nicest husband · wall_segment Palisade Wall x14 |
| 8:08 | GdR | ChiattoneDevastante · wall_segment Palisade Wall x1 |
| 8:09 | GdR | ChiattoneDevastante · wall_segment Palisade Wall x1 |
| 8:10 | GdR | ChiattoneDevastante · wall_segment Palisade Wall x1 |
| 8:11 | GdR | ChiattoneDevastante · wall_segment Palisade Wall x1 |
| 8:36 | GdR | ChiattoneDevastante · wall_segment Palisade Wall x1 |
| 8:51 | GdR | ChiattoneDevastante · age_up feudal |
| 8:55 | The nicest husband · wall_segment Palisade Wall x2 |
| 8:58 | The nicest husband · wall_segment Palisade Wall x19 |
| 9:01 | GdR | ChiattoneDevastante · first_building Archery Range |
| 9:26 | The nicest husband · wall_segment Palisade Wall x5 |
| 9:27 | GdR | ChiattoneDevastante · wall_segment Palisade Wall x1 |
| 9:28 | GdR | ChiattoneDevastante · wall_segment Palisade Wall x1 |
| 9:28 | GdR | ChiattoneDevastante · wall_segment Palisade Wall x1 |
| 9:29 | GdR | ChiattoneDevastante · wall_segment Palisade Wall x1 |
| 9:30 | GdR | ChiattoneDevastante · wall_segment Palisade Wall x1 |
| 9:30 | GdR | ChiattoneDevastante · wall_segment Palisade Wall x1 |
| 9:33 | GdR | ChiattoneDevastante · wall_segment Palisade Wall x1 |
| 9:33 | GdR | ChiattoneDevastante · wall_segment Palisade Wall x1 |
| 9:34 | GdR | ChiattoneDevastante · wall_segment Palisade Wall x1 |
| 9:34 | The nicest husband · wall_segment Palisade Wall x1 |
| 9:36 | The nicest husband · wall_segment Palisade Wall x1 |
| 9:39 | The nicest husband · wall_segment Palisade Wall x1 |
| 10:02 | The nicest husband · wall_segment Palisade Wall x2 |
| 10:13 | The nicest husband · wall_segment Palisade Wall x3 |
| 11:02 | The nicest husband · wall_segment Palisade Wall x1 |
| 11:03 | The nicest husband · wall_segment Palisade Wall x1 |
| 11:04 | GdR | ChiattoneDevastante · wall_segment Palisade Wall x9 |
| 11:23 | The nicest husband · age_up feudal |
| 11:31 | The nicest husband · first_building Archery Range |
| 12:22 | The nicest husband · wall_segment Palisade Wall x1 |
| 12:28 | The nicest husband · wall_segment Palisade Wall x1 |
| 12:30 | The nicest husband · wall_segment Palisade Wall x1 |
| 12:32 | The nicest husband · wall_segment Palisade Wall x1 |
| 13:45 | The nicest husband · wall_segment Palisade Wall x1 |
| 13:46 | The nicest husband · wall_segment Palisade Wall x1 |
| 14:58 | The nicest husband · wall_segment Palisade Wall x1 |
| 15:32 | The nicest husband · wall_segment Palisade Wall x1 |
| 15:37 | The nicest husband · wall_segment Palisade Wall x1 |
| 16:16 | GdR | ChiattoneDevastante · wall_segment Palisade Wall x11 |
| 16:20 | GdR | ChiattoneDevastante · wall_segment Palisade Wall x1 |
| 16:21 | GdR | ChiattoneDevastante · wall_segment Palisade Wall x1 |
| 16:33 | The nicest husband · wall_segment Palisade Wall x1 |
| 17:54 | The nicest husband · first_market_sell 500 stone |
| 17:54 | The nicest husband · first_market_buy 500 food |
| 18:30 | GdR | ChiattoneDevastante · wall_segment Palisade Wall x4 |
| 21:50 | The nicest husband · age_up castle |
| 24:41 | GdR | ChiattoneDevastante · age_up castle |
| 24:41 | The nicest husband · first_building Dock |
| 24:47 | GdR | ChiattoneDevastante · first_market_sell 100 wood |
| 24:48 | GdR | ChiattoneDevastante · first_market_buy 100 food |
| 24:54 | GdR | ChiattoneDevastante · first_building Siege Workshop |
| 25:15 | GdR | ChiattoneDevastante · wall_segment Palisade Wall x7 |
| 26:18 | The nicest husband · first_building Siege Workshop |
| 35:34 | The nicest husband · first_building Castle |
| 36:54 | GdR | ChiattoneDevastante · wall_segment Palisade Wall x4 |
| 40:34 | GdR | ChiattoneDevastante · first_building Castle |
| 44:44 | GdR | ChiattoneDevastante · age_up imperial |
| 45:56 | The nicest husband · age_up imperial |
| 51:05 | The nicest husband · first_building Monastery |
| 51:24 | GdR | ChiattoneDevastante · first_building Monastery |
| 51:35 | The nicest husband · wall_segment Stone Wall x9 |
| 52:17 | GdR | ChiattoneDevastante · first_building Stable |
| 55:07 | The nicest husband · resign |
[ AI ANALYSIS · 1 CREDIT ]
What really happened in this match?
Wolo.gg analyzes every decision: build order, eco, micro, common mistakes by bracket. Personalized analysis on WhatsApp or Discord in 30 seconds.
Civ guide
Wu
Perfil
Jugador #262424